AoeStats
← Takara Miyuki

Arena

506163674Analyzed
2v2 RM · 18d ago on Sep 12, 2026· 29m 31s· 4 players
Game mode
Random Map
Map size
Medium (4 player)
Population
200
Speed
Normal
Resources
Standard
Victory
Conquest
Starting age
Dark Age
Ending age
Imperial Age
RankedLock teamsTeams togetherTeam positionsShared explorationLock speedFull tech treeHidden civsTurbo modeCheats
Victory
Defeat
🇨🇴 Malay · Colombia
752
+14
🇧🇪 Cumans · Belgium
696
+17
🇨🇳 Poles · China
717
-38
🇨🇳 Italians · China
706
-35
Takara Miyuki
11:20 Feudal Age
17:43 Castle Age
19:59 Double-Bit Axe
30:12 Imperial Age
3500628696
13:14 Feudal Age
15:11 Horse Collar
15:20 Double-Bit Axe
25:28 Wheelbarrow
30:10 Castle Age
Giibier
8:48 Loom
10:57 Feudal Age
12:24 Double-Bit Axe
26:42 Castle Age
27:00 Wheelbarrow
29:36 Horse Collar
30:09 Bow Saw
29:51 Gold Mining
Witen
10:36 Loom
12:51 Feudal Age
13:16 Double-Bit Axe
13:51 Horse Collar
20:16 Castle Age
27:18 Squires
27:30 Forging
Connection lost

Rejoining the realm…

Still unreachable

The connection could not be restored.

Session expired

The server has moved on; the page needs a fresh start.